 Dungeon Crawl Stone Soup version 0.21.1-1-g345015f (webtiles) character file.

44 tidbits the Insei (level 3, 0/28 HPs)
             Began as a Gnoll Transmuter on Feb 11, 2018.
             Slain by a gnoll
             ... wielding a +0 halberd
              (9 damage)
             ... on level 3 of the Dungeon.
             The game lasted 00:06:10 (614 turns).

tidbits the Insei (Gnoll Transmuter)                 Turns: 614, Time: 00:06:10

Health: 0/28       AC:  2    Str: 12    XL:     3   Next: 62%
Magic:  0/9        EV: 14    Int: 16    God:
Gold:   74         SH:  0    Dex: 15    Spells: 2/12 levels left

rFire    + . .     SeeInvis .   a - +0 short sword (freeze)
rCold    . . .     Gourm    .   (no shield)
rNeg     . . .     Faith    .   B - +0 robe
rPois    .         Spirit   .   (no helmet)
rElec    .         Reflect  .   (no cloak)
rCorr    .         Harm     .   (no gloves)
MR       .....                  (no boots)
Stlth    ++........             (no amulet)
HPRegen  0.09/turn              m - ring of protection from fire
MPRegen  0.11/turn              (no ring)

@: very slightly contaminated
A: distributed training, fangs 1, strong nose
a: no special abilities


You were on level 3 of the Dungeon.
You were full.

You visited 1 branch of the dungeon, and saw 3 of its levels.

You collected 74 gold pieces.

Inventory:

Hand Weapons
 a - a +0 short sword of freezing (weapon)
   (You took it off a kobold on level 2 of the Dungeon)
 h - a +0 dagger
 j - a +0 short sword
 l - a +0 dagger
 r - a +0 hunting sling
Missiles
 q - 20 arrows
 s - 23 stones (quivered)
Armour
 b - a +0 pair of boots
 B - a +0 robe (worn)
Jewellery
 m - a ring of protection from fire (left hand)
   (You found it on level 1 of the Dungeon)
Scrolls
 e - a scroll of random uselessness {unknown}
 f - a scroll of fear {unknown}
 g - 2 scrolls of enchant armour
 n - a scroll of fog {unknown}
 o - a scroll of enchant weapon {unknown}
Books
 c - a book of Changes

   Spells                             Type                      Level
   a - Beastly Appendage              Transmutation                1
   b - Sticks to Snakes               Transmutation                2
   c - Spider Form                    Transmutation/Poison         3
   d - Ice Form                       Ice/Transmutation            4
   e - Blade Hands                    Transmutation                5
 p - a book of Maledictions
   (You found it on level 2 of the Dungeon)

   Spells                             Type                      Level
   a - Corona                         Hexes                        1
   b - Ensorcelled Hibernation        Hexes/Ice                    2
   c - Confuse                        Hexes                        3
   d - Tukima's Dance                 Hexes                        3
   e - Dazzling Spray                 Conjuration/Hexes            3
Comestibles
 d - 3 rations


   Skills:
 + Level 2.6 Fighting
 + Level 0.8 Short Blades
 + Level 0.8 Long Blades
 + Level 0.8 Axes
 + Level 0.8 Maces & Flails
 + Level 0.8 Polearms
 + Level 0.8 Staves
 + Level 0.8 Slings
 + Level 0.8 Bows
 + Level 0.8 Crossbows
 + Level 0.8 Throwing
 + Level 0.8 Armour
 + Level 4.5 Dodging
 + Level 0.8 Stealth
 + Level 0.8 Shields
 + Level 6.5 Unarmed Combat
 + Level 5.0 Spellcasting
 + Level 0.5 Conjurations
 + Level 0.5 Hexes
 + Level 0.5 Charms
 + Level 0.5 Summonings
 + Level 0.5 Necromancy
 + Level 0.5 Translocations
 + Level 3.7 Transmutations
 + Level 0.5 Fire Magic
 + Level 0.5 Ice Magic
 + Level 0.5 Air Magic
 + Level 0.5 Earth Magic
 + Level 0.5 Poison Magic
 + Level 1.0 Invocations
 + Level 0.8 Evocations


You had 2 spell levels left.
You knew the following spells:

 Your Spells              Type           Power        Failure   Level  Hunger
c - Confuse               Hex            #.......     34%         3    ###....
e - Beastly Appendage     Tmut           ###...       3%          1    None
k - Sticks to Snakes      Tmut           ###.....     4%          2    #......
o - Corona                Hex            #......      12%         1    None
p - Spider Form           Tmut/Pois      ##........   19%         3    ###....


Dungeon Overview and Level Annotations

Branches:
Dungeon (3/15)

Altars:


Innate Abilities, Weirdness & Mutations

Your experience applies equally to all skills.
You have very sharp teeth.
Your uncanny sense of smell can sniff out nearby items.


Message History

The bat hits you but does no damage.
Things that are here:
an uncursed dagger; an uncursed hunting sling; 21 stones You miss the bat.
The bat hits you.
r - an uncursed hunting sling;
s - 21 stones The bat hits you.
The bat closely misses you.
You closely miss the bat. You claw the bat, but do no damage.
The bat completely misses you. The bat closely misses you.
You barely miss the bat. Your kick misses the bat. You bite the bat.
The bat is moderately wounded.
The bat barely misses you.
You hit the bat. You freeze the bat.
You kill the bat!
You see here 9 gold pieces.
You now have 68 gold pieces (gained 9).
Your transformation is almost over.
You see here 2 stones.
s - 23 stones (gained 2)
Found a scroll of identify.
You see here 6 gold pieces.
You now have 74 gold pieces (gained 6).
A gnoll comes into view.
Your talons disappear.
The gnoll shouts!
The gnoll moves out of view.
A gnoll comes into view. It is wielding a halberd.
A dart slug comes into view.
The gnoll shouts!
You hear a shout!
The gnoll moves out of view.
Okay, then.
Unknown command.
Okay, then.
Okay, then.
Unknown command.
Casting: Beastly Appendage
Confirm with . or Enter, or press ? or * to list all spells.
You create a snake!
You now have 21 arrows.
Casting: Sticks to Snakes
Confirm with . or Enter, or press ? or * to list all spells.
You create a snake!
You now have 20 arrows.
Casting: Sticks to Snakes
Confirm with . or Enter, or press ? or * to list all spells.
You miscast Spider Form.
You are very lightly contaminated with residual magic.
Your skin tingles.
Your ball python closely misses the gnoll.
Your ball python grabs the gnoll.
Your ball python constricts the gnoll.
It was a potion of heal wounds.
You feel much better. The gnoll misses your adder.
Your ball python bites the gnoll.
Your ball python constricts the gnoll.
You swap places.
A gnoll comes into view. It is wielding a flail.
Your ball python closely misses the gnoll.
Your ball python constricts the gnoll.
The gnoll hits you. The gnoll hits you with a halberd!
Unknown command.
You hit the gnoll but do no damage. You bite the gnoll, but do no damage.
The gnoll is moderately wounded.
Your ball python bites the gnoll but does no damage.
Your ball python constricts the gnoll.
The gnoll closely misses you.
Your adder bites the gnoll.
The gnoll is poisoned.
Your adder poisons the gnoll!
The gnoll barely misses you.
Unknown command.
You hit the gnoll but do no damage.
The gnoll is heavily wounded.
Your ball python bites the gnoll but does no damage.
Your ball python constricts the gnoll.
Your adder bites the gnoll.
The gnoll hits your ball python!
Your ball python dies!
The gnoll shouts!
A gnoll comes into view. It is wielding an enchanted spear.
You hit the gnoll. You freeze the gnoll.
The gnoll is almost dead.
Your adder bites the gnoll but does no damage.
The gnoll completely misses you. The gnoll closely misses your adder.
Your adder bites the gnoll.
The gnoll dies!
Your Invocations skill increases to level 1!
Unknown command.
Casting: Spider Form
Confirm with . or Enter, or press ? or * to list all spells.
You miscast Spider Form.
Strange energies run through your body.
The gnoll hits you from afar with an enchanted spear.
The gnoll completely misses you.
It was a potion of curing.
You feel better. The gnoll barely misses you.
Your adder barely misses the gnoll.
The gnoll hits you but does no damage.
You aren't carrying any items that you can evoke.
Unknown command.
You hit the gnoll but do no damage.
Your adder closely misses the gnoll.
The gnoll hits you from afar with an enchanted spear.
The gnoll hits you with a halberd!
Ouch! That really hurt!
* * * LOW HITPOINT WARNING * * *
Your adder closely misses the gnoll.
Your adder bites the gnoll but does no damage.
The gnoll hits you from afar with a halberd!
You die...

#.#.#.#.#... g.≈ ≈...
#...(.<.#... .. ....
#.....####.# .# ....
###.## ##.####.##?.#. #
#####........g....
..##....#.#g# # #
#.##..)..g.S##.#.. ##
#.##.#...............
.#
#...........@..##.##.
.# ####.#.......#.# #
.# #.###....##... .#
..# #....# ###.# .#
#### ##...# .. .# #...#
#. .###### #...#
......# #...#
####†.#######...#######


You could see 3 gnolls and a friendly adder.

Vanquished Creatures
  A worm (D:3)
  3 leopard geckos
  An orc (D:3)
  A ball python (D:3)
  A giant cockroach (D:2)
  3 goblins (D:3)
  3 hobgoblins
  3 jackals (D:1)
  3 bats
  2 frilled lizards
  6 kobolds
  A rat (D:2)
28 creatures vanquished.

Vanquished Creatures (collateral kills)
  A gnoll (D:3)
  A goblin (D:3)
  A jackal (D:1)
  A rat (D:3)
4 creatures vanquished.

Grand Total: 32 creatures vanquished

Notes
Turn   | Place    | Note
-------+----------+-------------------------------------------
     0 | D:1      | tidbits the Gnoll Transmuter began the quest for the Orb.
     0 | D:1      | Reached XP level 1. HP: 17/17 MP: 6/6
   160 | D:1      | Reached XP level 2. HP: 22/23 MP: 5/7
   164 | D:1      | Learned a level 2 spell: Sticks to Snakes
   486 | D:2      | Reached XP level 3. HP: 18/28 MP: 7/9
   489 | D:2      | Learned a level 1 spell: Corona
   496 | D:2      | Learned a level 3 spell: Spider Form
   500 | D:2      | Learned a level 3 spell: Confuse
   513 | D:3      | Reached skill level 5 in Spellcasting
   610 | D:3      | Reached skill level 1 in Invocations
   614 | D:3      | Slain by a gnoll

Skill      XL: |  1  2  3 |
---------------+----------+-----
Spellcasting   | 5 |  5.0
Invocations    | 1 |  1.0
Fighting       | |  2.6
Short Blades   | |  0.8
Long Blades    | |  0.8
Axes           | |  0.8
Maces & Flails | |  0.8
Polearms       | |  0.8
Staves         | |  0.8
Slings         | |  0.8
Bows           | |  0.8
Crossbows      | |  0.8
Throwing       | |  0.8
Armour         | |  0.8
Dodging        | |  4.5
Stealth        | |  0.8
Shields        | |  0.8
Unarmed Combat | |  6.5
Conjurations   | |  0.5
Hexes          | |  0.5
Charms         | |  0.5
Summonings     | |  0.5
Necromancy     | |  0.5
Translocations | |  0.5
Transmutations | |  3.7
Fire Magic     | |  0.5
Ice Magic      | |  0.5
Air Magic      | |  0.5
Earth Magic    | |  0.5
Poison Magic   | |  0.5
Evocations     | |  0.8

Action                   || total
-------------------------++-------
Melee: Unarmed           ||    44
       Headbutt          ||     5
       Kick              ||     7
       Bite              ||     6
       Punch             ||     3
       Short sword       ||    31
 Cast: Beastly Appendage ||    17
       Sticks to Snakes  ||     5
  Use: Scroll            ||     3
       Potion            ||     2
 Stab: Sleeping          ||     1
  Eat: Ration            ||     1
Armor: Robe              ||     5
Dodge: Dodged            ||    70

Table legend:
 A = Turns spent in this place as a percentage of turns spent in the entire game.
 B = Non-inter-level travel turns spent in this place as a percentage of non-inter-level travel turns spent in the entire game.
 C = Inter-level travel turns spent in this place as a percentage of turns spent in this place.
 D = Turns resting spent in this place as a percentage of non-inter-level travel turns spent in this place.
 E = Turns spent auto-exploring this place as a percentage of non-inter-level travel turns spent in this place.
 F = Non-inter-level travel turns spent in this place divided by the number of levels of this place that you've seen.
                   A       B       C       D       E      F
               +-------+-------+-------+-------+-------+----------------------
         Total | 100.0 | 100.0 |   0.0 |   0.0 |   0.0 | 204.7
       Dungeon | 100.0 | 100.0 |   0.0 |   0.0 |   0.0 | 204.7
               +-------+-------+-------+-------+-------+----------------------

Table legend:
 A = Kills in this place as a percentage of kills in entire the game.
 B = Kills by you in this place as a percentage of kills by you in the entire game.
 C = Kills by friends in this place as a percentage of kills by friends in the entire game.
 D = Other kills in this place as a percentage of other kills in the entire game.
 E = Experience gained in this place as a percentage of experience gained in the entire game.
 F = Experience gained in this place divided by the number of levels of this place that you have seen.
                   A       B       C       D       E      F
               +-------+-------+-------+-------+-------+----------------------
         Total | 100.0 | 100.0 | 100.0 |   N/A | 100.0 |  21.3
       Dungeon | 100.0 | 100.0 | 100.0 |   N/A | 100.0 |  21.3
               +-------+-------+-------+-------+-------+----------------------

Vault maps used:
D:1:      dpeg_arrival_chambers_temple_mockup, minmay_pentomino_o2
D:2:      xom_teletrap_fun, first_ration, minmay_misc_feat_roman
D:3:      grunt_temple_overflow_growth_and_decay, kennysheep_slug_shrine,
          uniq_jessica
